 Dungeon Crawl Stone Soup version 0.19-a0-442-g8935a21 (webtiles) character file.

16 Ordine the Insei (level 2, -2/18 HPs)
             Began as an Octopode Transmuter on June 1, 2016.
             Slain by a kobold
             ... wielding a +0 short sword
              (4 damage)
             ... on level 1 of the Dungeon.
             The game lasted 00:02:25 (391 turns).

Ordine the Insei (Octopode Transmuter)               Turns: 391, Time: 00:02:26

Health: -2/18      AC:  1    Str:  9    XL:     2   Next: 54%
Magic:  5/5        EV: 12    Int: 15    God:
Gold:   48         SH:  0    Dex: 12    Spells: 0 memorised, 5 levels left

rFire  . . .     SeeInvis .       - Unarmed
rCold  . . .     Gourm    .     (no shield)
rNeg   . . .     Faith    .     (helmet restricted)
rPois  .         Spirit   .     (no amulet)
rElec  .         Dismiss  .     (no ring)
rCorr  .         Reflect  .     (no ring)
SustAt .         Harm     .     (no ring)
MR     .....                    (no ring)
Stlth  +++.......               (no ring)
                                (no ring)
                                (no ring)
                                (no ring)

@: not resistant to hostile enchantments, fairly stealthy
A: almost no armour, amphibious, 8 rings, constrict 8, camouflage 1, gelatinous
body 1
a: no special abilities


You were on level 1 of the Dungeon.
You were not hungry.

You visited 1 branch of the dungeon, and saw 1 of its levels.

You collected 48 gold pieces.

Inventory:

Scrolls
 d - a scroll of teleportation {unknown}
Potions
 e - a potion of curing {unknown}
Books
 b - a book of Changes

   Spells                             Type                      Level
   a - Beastly Appendage              Transmutation                1
   b - Sticks to Snakes               Transmutation                2
   c - Spider Form                    Transmutation/Poison         3
   d - Ice Form                       Ice/Transmutation            4
   e - Blade Hands                    Transmutation                5
Comestibles
 a - a chunk of flesh
 c - 2 bread rations
 f - a slice of pizza


   Skills:
 - Level 1.0 Fighting
 + Level 1.3 Throwing
 - Level 2.0 Dodging
 + Level 1.7 Stealth
 - Level 3.0 Unarmed Combat
 - Level 2.0 Spellcasting
   Level 2.2 Transmutations


You had 5 spell levels left.
You didn't know any spells.

Dungeon Overview and Level Annotations

Branches:
Dungeon (1/15)

Altars:


Innate Abilities, Weirdness & Mutations

You cannot wear most types of armour.
You are amphibious.
You can wear up to eight rings at the same time.
You can use your tentacles to constrict eight enemies at once.
Your skin changes colour to match your surroundings (Stealth+).
Your rubbery body absorbs attacks. (AC +1)


Message History

You closely miss the bat. You grab the bat. You constrict the bat.
The bat barely misses you. The bat hits you.
The kobold hits you with a short sword.
* * * LOW HITPOINT WARNING * * *
The kobold closely misses you.
You release your grip on the bat.
The bat hits you.
* * * LOW HITPOINT WARNING * * *
The bat misses you. The bat hits you.
* * * LOW HITPOINT WARNING * * *
The bat closely misses you. The bat hits you but does no damage.
The bat barely misses you. The bat hits you.
* * * LOW HITPOINT WARNING * * *
You tentacle-slap the bat.
You kill the bat!
You barely miss the kobold. Your grab misses the kobold.
The kobold hits you with a short sword.
You die...

#......# ## ..... #......#####.
...... #......#.....
.......############......#.#.##
.........................#.#..#
.........#######........#.##..
.........# ##.#......#.###.
#(.....######..#.(......# ##
###......##KK@..##......#####.
####........†..#########..#......
........((.###### ###....##......
#........................#......
#.........##..### ###.#.......#
#.............# #.#......##
##.....#......# #.#.#......
#.....#.###..# #........
#........# #.# #........


You could see 2 kobolds.

Vanquished Creatures
  An ooze (D:1)
  2 giant geckos (D:1)
  2 goblins (D:1)
  A hobgoblin (D:1)
  A kobold (D:1)
  2 bats (D:1)
9 creatures vanquished.

Notes
Turn   | Place    | Note
--------------------------------------------------------------
     0 | D:1      | Ordine the Octopode Transmuter began the quest for the Orb.
     0 | D:1      | Reached XP level 1. HP: 13/13 MP: 3/3
   153 | D:1      | Reached skill level 1 in Stealth
   153 | D:1      | Reached XP level 2. HP: 18/18 MP: 5/5
   164 | D:1      | Reached skill level 1 in Throwing
   391 | D:1      | Slain by a kobold

Vault maps used:
D:1:      scummos_arrival_forest, grunt_decor_arrowhead, minivault_5

Skill      XL: |  1  2 |
---------------+-------+-----
Stealth        | 1 |  1.7
Throwing       | 1 |  1.3
Fighting       | |  1.0
Dodging        | |  2.0
Unarmed Combat | |  3.0
Spellcasting   | |  2.0
Transmutations | |  2.2

Action                   || total
-------------------------++-------
Melee: Unarmed           ||    18
       Constrict         ||     5
       Tentacles         ||     4
       Punch             ||     2
  Use: Scroll            ||     1
 Stab: Sleeping          ||     2
Armor: Skin              ||     1
Dodge: Dodged            ||    14
